 Dungeon Crawl Stone Soup version 0.29.1 (webtiles) character file.

Game seed: 9540244928751059533

5178 sanka the Grappler (level 10, -3/94 HPs)
             Began as a Troll Monk on Sept 13, 2022.
             Was a High Priest of Okawaru.
             Succumbed to a killer bee's poison
             ... on level 9 of the Dungeon.
             The game lasted 00:11:11 (6785 turns).

sanka the Grappler (Troll Monk)                     Turns: 6785, Time: 00:11:12

Health: -3/94      AC: 12    Str: 25    XL:     10   Next: 34%
Magic:  13/13      EV:  8    Int:  6    God:    Okawaru [*****.]
Gold:   540        SH: 19    Dex: 18    Spells: 9/9 levels left

rFire   . . .      SeeInvis .     - Unarmed
rCold   . . .      Faith    .   h - +0 tower shield
rNeg    . . .      Spirit   .   N - +0 acid dragon scales
rPois   .          Reflect  +   (helmet restricted)
rElec   .          Harm     .   (no cloak)
rCorr   +          Rampage  .   (gloves unavailable)
Will    .....                   (boots unavailable)
Stlth   ++........              z - amulet of reflection
HPRegen 1.05/turn               q - +6 ring of dexterity
MPRegen 0.13/turn               u - +4 ring of protection

@: lethally poisoned (-3 -> -19), hasted, very quick
A: large, unfitting armour, claws 3, regeneration 1, shaggy fur 1, tough skin 1
a: Renounce Religion, Heroism, Finesse, Duel


You were on level 9 of the Dungeon.
You worshipped Okawaru.
Okawaru was extremely pleased with you.
You visited 2 branches of the dungeon, and saw 10 of its levels.
You also visited: Sewer and Bailey.

You collected 540 gold pieces.


Innate Abilities, Weirdness & Mutations

You are too large for most types of armour.
You have claws for hands.
Your natural rate of healing is unusually fast.
You are covered in fur. (AC +1)
You have tough skin. (AC +1)


   Skills:
 + Level 4.4 Fighting
 + Level 1.5 Armour
 + Level 4.4 Dodging
 - Level 1.0 Stealth
 + Level 3.7 Shields
 * Level 11.8 Unarmed Combat
 + Level 5.7 Invocations


You had 9 spell levels left.
You didn't know any spells.
Your spell library contained the following spells:

 Spells                   Type           Power      Damage    Failure   Level
 Necrotise                Necr           0%         1d4       99%         1
 Sublimation of Blood     Necr           0%         N/A       100%        2
 Wereblood                Tmut           0%         N/A       100%        2
 Portal Projectile        Hex/Tloc       0%         N/A       100%        3
 Vampiric Draining        Necr           0%         2d6       100%        3
 Hailstorm                Conj/Ice       0%         3d3       100%        4
 Ice Form                 Ice/Tmut       0%         N/A       100%        4
 Leda's Liquefaction      Hex/Erth       0%         N/A       100%        4
 Agony                    Necr           0%         N/A       100%        5
 Call Canine Familiar     Summ           Unusable   N/A       N/A         3
 Simulacrum               Ice/Necr       Unusable   N/A       N/A         6
 Summon Hydra             Summ           Unusable   N/A       N/A         7

Inventory:

Hand Weapons
 y - a +0 broad axe
Missiles
 H - 3 curare-tipped darts {=f}
Armour
 a - a +0 robe
 h - a +0 tower shield (worn)
 N - +0 acid dragon scales (worn)
Jewellery
 g - a ring of protection from cold
 l - an amulet of guardian spirit
 q - a +6 ring of dexterity (left claw)
 u - a +4 ring of protection (right claw)
 v - a ring of protection from fire
 z - an amulet of reflection (around neck)
 D - a ring of poison resistance
 J - a +6 ring of strength
Wands
 A - a wand of flame (9)
 G - a wand of roots (10)
Scrolls
 d - 2 scrolls of teleportation {unknown}
 e - 5 scrolls of identify {unknown}
 i - a scroll of poison {unknown}
 j - 2 scrolls of immolation {unknown}
 k - 2 scrolls of vulnerability {unknown}
 m - 2 scrolls of acquirement {unknown}
 p - 2 scrolls of enchant weapon {unknown}
 r - a scroll of torment {unknown}
 s - a scroll of silence {unknown}
 w - a scroll of summoning {unknown}
 x - 2 scrolls of blinking
 E - a scroll of amnesia {unknown}
 F - a scroll of noise {unknown}
 P - a scroll of fog {unknown}
Potions
 b - a potion of ambrosia
 c - 4 potions of lignification {unknown}
 f - 2 potions of curing {unknown}
 n - 6 potions of haste {@q3}
 o - 2 potions of heal wounds {unknown}
 t - a potion of flight {unknown}
 B - 6 potions of magic {unknown}
 C - 2 potions of degeneration {unknown}
 I - 3 potions of brilliance {unknown}
 K - 2 potions of cancellation {unknown}
 L - 4 potions of mutation {unknown}
 M - 2 potions of invisibility {unknown}
 O - a potion of attraction {unknown}

Dungeon Overview and Level Annotations

Branches:
Dungeon (9/15)             Temple (1/1) D:6           Sewer (visited)
 Bailey (visited)
   Lair: D:8-11         Orc: D:9-12

Altars:
Ashenzari
Cheibriados
Dithmenos
Fedhas
Gozag
Hepliaklqana
Kikubaaqudgha
Nemelex Xobeh
Okawaru
Qazlal
Ru
Sif Muna
Trog
Uskayaw
Vehumet
Wu Jian
Xom
Yredelemnul
The Shining One

Shops:
D:2 (   D:5 *

Annotations:
D:4 2 transporters, PanSaczeczos's ghost, amateur DsFi

..▒.. ........ ....
.....▒▒▒ ▒..... ....
.... }... ▒▒..▒ .....
▒.. ...▒▒▒....
.....▒▒▒▒.▒▒▒ ...▒..).
............▒▒▒▒ ▒.▒.▒▒.
......▒▒y....▒.▒▒▒...▒▒.
.......yyy.......▒▒.....
.......T▒?..............
.......▒▒...............
.....▒.▒▒....£..>.......
...▒ ▒.▒...............)
.. ▒.....▒............ .
....▒>.▒▒▒.....▒▒.....
.▒.▒▒).).)....▒▒▒▒....
▒.........▒.▒▒ ▒▒..▒
▒..........▒▒▒ ▒...


You could see 4 killer bees.


Message History

* * * LOW HITPOINT WARNING * * *
You are more poisoned.
The killer bee poisons you! The killer bee stings you.
* * * LOW HITPOINT WARNING * * *
You block the killer bee's attack.
The killer bee attacks as you move away!
You block the killer bee's attack.
The killer bee attacks as you move away!
The killer bee stings you.
* * * LOW HITPOINT WARNING * * *
The killer bee attacks as you move away!
The killer bee stings you.
* * * LOW HITPOINT WARNING * * *
* * * LOW HITPOINT WARNING * * *
You feel extremely sick. You block the killer bee's attack.
The killer bee stings you but does no damage.
The killer bee attacks as you move away!
You block the killer bee's attack.
* * * LOW HITPOINT WARNING * * *
You feel very sick. You block the killer bee's attack.
The killer bee stings you.
* * * LOW HITPOINT WARNING * * *
You are more poisoned.
The killer bee poisons you!
It was a potion of haste.
You feel yourself speed up.
You die...

Action                   |  1- 3 |  4- 6 |  7- 9 | 10-12 || total
-------------------------+-------+-------+-------+-------++-------
Melee: Unarmed           |    79 |   177 |   329 |    44 ||   629
       Punch             |     1 |     4 |     9 |       ||    14
Throw: Dart              |       |       |     1 |       ||     1
Invok: Heroism           |       |       |     4 |       ||     4
  Use: Potion            |       |       |       |     1 ||     1
 Stab: Sleeping          |     2 |     6 |    10 |       ||    18
       Distracted        |     1 |       |     1 |       ||     2
Armor: Robe              |    36 |    61 |   111 |       ||   208
       Acid dragon scale |       |       |     1 |    24 ||    25
Dodge: Dodged            |    45 |    80 |   143 |    19 ||   287
Block: Tower shield      |       |       |   121 |    61 ||   182
       Reflection        |       |       |     1 |       ||     1

Levels and vault maps discovered:
D:1:      dpeg_arrival_pond, layout_basic, st_stairs_13
D:2:      layout_loops_ring, basic_altar, serial_shops,
          nicolae_shop_bloodbath_and_beyond, minmay_puff
D:3:      layout_loops_ring, regret_index_temple_of_mockery,
          nemelex_xobeh_ov_fountains_minmay, hellmonk_ecumenical_altar_zigzags,
          minmay_cut_off, uniq_robin
D:4:      layout_cave_pods, led_sif_book, gammafunk_ghost_mausoleum,
          chequers_serial_rivers_small_a
D:5:      layout_basic, portal_sewer_entry_e, nicolae_shop_fire_sale
          [nicolae_sub_dead_trees], hangedman_decor_growths,
          kennysheep_windowed_goal
D:6:      layout_gridville, yredelemnul_altar_generic,
          minmay_temple_entry_slanted, chequers_jeans,
          kennysheep_generic_room_12
D:7:      layout_rooms, overflow_temple_1_default, minitemple, minmay_ruffians
D:8:      layout_loops_ring, mainiacjoe_overflow_cross_hatched,
          mainiacjoe_overflow_six_doors_small, trog_three_pillars_becter,
          enter_bailey_4
D:9:      layout_cave_pools, general_overflow_altar, lightli_temple_of_fire,
          mainiacjoe_overflow_paths
Temple:   hellmonk_temple_flake

Notes
Turn   | Place    | Note
-------+----------+-------------------------------------------
     0 | D:1      | sanka the Troll Monk began the quest for the Orb.
     0 | D:1      | Reached XP level 1. HP: 22/22 MP: 0/0
   246 | D:1      | Reached XP level 2. HP: 29/29 MP: 1/1
   898 | D:2      | Found Fioh Bae's Weapon Boutique.
   921 | D:2      | Reached skill level 4 in Unarmed Combat
   926 | D:2      | Reached XP level 3. HP: 34/36 MP: 2/2
  1144 | D:2      | Found a broken altar of Ashenzari.
  1690 | D:3      | Reached XP level 4. HP: 44/44 MP: 3/3
  1696 | D:3      | Reached skill level 5 in Unarmed Combat
  1751 | D:3      | Noticed Robin
  1774 | D:3      | Killed Robin
  2095 | D:3      | Found a hazy altar of Hepliaklqana.
  2096 | D:3      | Found a shimmering altar of Xom.
  2097 | D:3      | Noticed a spectral ugly thing
  2179 | D:3      | Reached XP level 5. HP: 47/50 MP: 4/4
  2213 | D:3      | Found a faded altar of an unknown god.
  2244 | D:3      | Found a sparkling altar of Nemelex Xobeh.
  2286 | D:4      | Found a shimmering blue altar of Sif Muna.
  2503 | D:4      | Noticed an ogre
  2510 | D:4      | Killed an ogre
  2511 | D:4      | Reached skill level 6 in Unarmed Combat
  2669 | D:4      | Reached XP level 6. HP: 59/59 MP: 5/5
  2691 | D:4      | Found a transporter.
  2694 | D:4      | Noticed PanSaczeczos's ghost (amateur DsFi)
  2698 | D:4      | Found a transporter.
  3104 | D:5      | Entered Level 5 of the Dungeon
  3334 | D:5      | Reached skill level 7 in Unarmed Combat
  3387 | D:5      | Noticed an ice beast
  3403 | D:5      | Killed an ice beast
  3491 | D:5      | Found a glowing drain.
  3495 | Sewer    | Entered a sewer
  3562 | Sewer    | Reached skill level 8 in Unarmed Combat
  3601 | Sewer    | Reached XP level 7. HP: 66/66 MP: 6/6
  4059 | D:5      | Found Dauv's Fire Supplies.
  4182 | D:6      | Reached skill level 9 in Unarmed Combat
  4275 | D:6      | Found a staircase to the Ecumenical Temple.
  4294 | Temple   | Entered the Ecumenical Temple
  4454 | Temple   | Became a worshipper of Warmaster Okawaru
  4454 | Temple   | Reached * piety under Okawaru
  4454 | Temple   | Reached ** piety under Okawaru
  4510 | D:6      | Reached skill level 1 in Invocations
  4510 | D:6      | Reached XP level 8. HP: 74/74 MP: 7/7
  4561 | D:6      | Reached skill level 10 in Unarmed Combat
  4605 | D:6      | Found a basalt altar of Yredelemnul.
  4632 | D:6      | Identified the +3 leather armour of Bedevilment {Str+2}
  4639 | D:6      | Reached skill level 2 in Invocations
  4642 | D:6      | Reached skill level 3 in Invocations
  4836 | D:7      | Reached skill level 4 in Invocations
  4918 | D:7      | Found a blossoming altar of Fedhas.
  4941 | D:7      | Reached skill level 1 in Shields
  4948 | D:7      | Reached *** piety under Okawaru
  4979 | D:7      | Reached skill level 3 in Dodging
  4979 | D:7      | Reached XP level 9. HP: 64/80 MP: 7/11
  5029 | D:7      | Reached skill level 3 in Fighting
  5067 | D:7      | Identified the +1 ring mail of the Wasteland {Regen+ Int+3}
  5074 | D:7      | Found an ancient bone altar of Kikubaaqudgha.
  5161 | D:7      | Reached skill level 2 in Shields
  5264 | D:7      | Reached **** piety under Okawaru
  5264 | D:7      | Received a gift from Okawaru
  5265 | D:7      | Reached skill level 11 in Unarmed Combat
  5265 | D:7      | Reached skill level 5 in Invocations
  5471 | D:7      | Found a sacrificial altar of Ru.
  5473 | D:7      | Found a glowing golden altar of the Shining One.
  5477 | D:7      | Found a snail-covered altar of Cheibriados.
  5586 | D:8      | Found a flagged portal.
  5601 | Bailey   | Entered a bailey
  6020 | D:8      | Found a stormy altar of Qazlal.
  6057 | D:8      | Identified the +5 ring mail of the Swamp {Str+3}
  6100 | D:8      | Identified +0 acid dragon scales
  6101 | D:8      | Reached skill level 4 in Fighting
  6101 | D:8      | Reached skill level 3 in Shields
  6106 | D:8      | Reached skill level 4 in Dodging
  6164 | D:8      | Found an ornate altar of the Wu Jian Council.
  6207 | D:8      | Found a bloodstained altar of Trog.
  6567 | D:8      | Noticed a two-headed ogre
  6577 | D:8      | Killed a two-headed ogre
  6578 | D:8      | Reached XP level 10. HP: 93/93 MP: 11/13
  6609 | D:9      | Reached skill level 1 in Armour
  6747 | D:9      | Reached ***** piety under Okawaru
  6783 | D:9      | HP: 9/94 [poisoned by a killer bee]
  6784 | D:9      | HP: 4/94 [poisoned by a killer bee]
  6785 | D:9      | Succumbed to a killer bee's poison

Vanquished Creatures
  A two-headed ogre (D:8)
  A hornet (D:9)
  A wyvern (D:9)
  A steam dragon (D:8)
  5 humans (D:7)
  An acid dragon (D:8)
  2 water moccasins
  2 orc warriors
  2 ice beasts
  3 sky beasts
  A black bear (D:7)
  An ogre (D:4)
  3 centaurs (D:7)
  2 phantoms (D:6)
  A kobold brigand (D:8)
  2 necrophages
  4 bullfrogs
  A gnoll sergeant (D:8)
  8 wights (D:9)
  4 killer bees (D:7)
  An orc priest (D:9)
  2 hounds
  A gnoll bouda (D:7)
  A jelly (D:5)
  5 orc wizards
  3 iguanas
  Robin (D:3)
  17 gnolls
  10 adders
  A shadow imp (D:6)
  An ufetubus (D:5)
  A worm (D:2)
  2 dart slugs (D:2)
  34 orcs
  8 endoplasms
  10 giant cockroaches
  18 goblins
  10 hobgoblins
  10 jackals
  7 quokkas
  11 ball pythons
  4 bats
  14 frilled lizards
  10 kobolds
  5 rats
233 creatures vanquished.

Vanquished Creatures (others)
  5 fungi (D:8)
5 creatures vanquished.

Grand Total: 238 creatures vanquished
